cohdb
Replays
Latest Replays
All Replays
Popular Replays
Top Player Replays
Match Explorer
How It Works
Community
CoH3 Stats
Reddit
Sign in to upload your games and track your stats! →
Sign in with Steam
Match 42428436
Unlisted
Match 42428436
Overview
Messages
Build Orders
End
Construct Barracks
Selects Advanced Infantry Battlegroup
Riflemen Squad
Riflemen Squad
M1 Mortar Team
Riflemen Squad
Infantry Support Center
Grenade Package
Selects Convert to Ranger Squad
Convert to Ranger Squad
Selects Frontline Medical Station
Frontline Medical Station
Advanced Logistics
Survival Training
Construct Motor Pool
Convert to Ranger Squad
Selects Ranger Weapon Training
Construct Tank Depot
Munitions Surplus
Construct Tank Depot
Kylen
runningDuck
Osmose
Slavija
Concussion I
Wanton_Endangerment999
JUBA
BLACK.DRAGON
0
0
Comments
sign in to comment!
No comments posted yet!